 Dungeon Crawl Stone Soup version 0.22.0 (webtiles) character file.

6202 nicolaieve the Basher (level 10, 0/93 HPs)
             Began as a Minotaur Berserker on Aug 10, 2018.
             Was a High Priest of Trog.
             Slain by Snorg (10 damage)
             ... on level 10 of the Dungeon.
             The game lasted 00:42:27 (7013 turns).

nicolaieve the Basher (Minotaur Berserker)          Turns: 7013, Time: 00:42:29

Health: 0/93       AC: 19    Str: 27    XL:     10   Next: 61%
Magic:  10/10      EV: 10    Int:  4    God:    Trog [*****.]
Gold:   576        SH:  0    Dex: 13    Spells: 9/9 levels left

rFire    . . .     SeeInvis .   D - -1 whip (curse)
rCold    . . .     Gourm    .   (no shield)
rNeg     . . .     Faith    +   f - +0 plate armour
rPois    .         Spirit   .   (helmet restricted)
rElec    .         Reflect  .   d - +1 cloak {+Inv}
rCorr    .         Harm     .   (no gloves)
MR       .....                  i - +0 pair of boots
Stlth    ..........             j - amulet of faith
HPRegen  0.25/turn              (no ring)
MPRegen  0.12/turn              y - ring of flight

@: mighty, berserk cooldown, slowed, very slow
A: retaliatory headbutt, horns 2
a: Berserk, Trog's Hand, Brothers in Arms, Renounce Religion, Evoke
Invisibility, Evoke Flight


You were on level 10 of the Dungeon.
You worshipped Trog.
Trog was extremely pleased with you.
You were very hungry.

You visited 1 branch of the dungeon, and saw 10 of its levels.

You collected 576 gold pieces.

Inventory:

Hand Weapons
 q - a +0 whip
 D - a cursed -1 whip (weapon)
Armour
 d - a +1 cloak of invisibility (worn)
 f - a +0 plate armour (worn)
 i - a +0 pair of boots (worn)
Jewellery
 j - an amulet of faith (around neck)
 y - a ring of flight (right hand)
 z - a +2 ring of evasion {unknown}
 E - an uncursed amulet of guardian spirit {unknown}
 H - a cursed amulet of inaccuracy {unknown}
Wands
 w - a wand of paralysis (16)
 A - a wand of iceblast (9)
 C - a wand of polymorph (12)
Scrolls
 a - a scroll of enchant armour
 g - 4 scrolls of magic mapping
 k - a scroll of amnesia
 m - 2 scrolls of fear
 o - 6 scrolls of teleportation
 p - 2 scrolls of enchant weapon
 t - 2 scrolls of immolation
 x - a scroll of fog {unknown}
 B - 2 scrolls of remove curse
 G - a scroll of blinking {unknown}
Potions
 e - a potion of flight
 h - a potion of cancellation
 l - 4 potions of haste
 n - 2 potions of agility
 r - 3 potions of lignification
 s - a potion of curing
 u - 2 potions of heal wounds
 F - 2 potions of mutation
Comestibles
 b - 2 chunks of flesh
 c - 23 rations


   Skills:
 + Level 10.0 Fighting
 - Level 12.0 Maces & Flails
 + Level 11.0 Armour
 + Level 4.2 Dodging
 - Level 2.5 Evocations


You had 9 spell levels left.
You didn't know any spells.
Your spell library was empty.

Dungeon Overview and Level Annotations

Branches:
Dungeon (10/15)            Temple (0/1) D:4
   Lair: D:8-11         Orc: D:9-12

Altars:
Dithmenos
Elyvilon
Fedhas
Gozag
Hepliaklqana
Kikubaaqudgha
Nemelex Xobeh
Okawaru
Qazlal
Ru
Wu Jian
Yredelemnul
Zin
The Shining One

Shops:
D:4 =

Portals:
Trove: D:10 (give 12 potions of heal wounds)

Annotations:
D:10 Snorg


Innate Abilities, Weirdness & Mutations

You reflexively headbutt those who attack you in melee.
You have a pair of horns on your head.


Message History

Snorg is severely wounded.
You are no longer berserk.
You are exhausted.
You feel yourself slow down. The orc hits you but does no damage.
You hit Snorg.
Snorg is severely wounded.
Snorg bites you. Snorg claws you! Snorg closely misses you.
Unknown command.
You hit Snorg.
Snorg is severely wounded.
The orc hits you but does no damage.
Snorg goes berserk!
Unknown command.
Okay, then.
You feel very mighty all of a sudden. Snorg bites you!
* * * LOW HITPOINT WARNING * * *
Snorg claws you.
* * * LOW HITPOINT WARNING * * *
Snorg claws you!
You die...

#..# #..#
###############..#
................)#
................)#
................)#
.###############)#
.# #o# .# #@#
.######## #T#
......... ..#
......... ...#
.######## ##..# .#
#..# .# #..# .#
#..# .#######


You could see Snorg (berserk) and an orc.

Vanquished Creatures
  A two-headed ogre (D:10)
  2 unseen horrors (D:10)
  A centaur skeleton (D:10)
  A troll (D:9)
  Grinder (D:3)
  A hippogriff (D:10)
  A vampire (D:9)
  A hungry ghost (D:7)
  Edmund (D:5)
  A sky beast (D:7)
  An orc warrior (D:10)
  An ice beast (D:9)
  A phantom (D:7)
  3 centaurs
  3 ogres
  A crocodile (D:10)
  A big kobold (D:3)
  Blork the orc (D:6)
  6 bullfrogs
  A scorpion (D:7)
  A wyvern skeleton (D:6)
  6 killer bees (D:8)
  7 wights
  2 electric eels (D:9)
  4 crimson imps
  3 orc priests
  3 orc wizards
  2 bullfrog skeletons
  Crazy Yiuf (D:3)
  4 hounds
  A jelly (D:5)
  Ijyb (D:5)
  Jessica (D:3)
  An iguana (D:5)
  Terence (D:2)
  6 worker ants
  13 adders
  5 gnolls
  A shadow imp (D:6)
  2 oozes
  An adder skeleton (D:6)
  An adder zombie (D:9)
  3 worms
  A dart slug (D:1)
  3 leopard geckos
  24 orcs
  2 ball pythons (D:2)
  3 giant cockroaches
  10 goblins
  5 hobgoblins
  15 jackals
  4 quokkas
  7 bats
  6 frilled lizards
  9 kobolds
  A quokka skeleton (D:5)
  5 rats
195 creatures vanquished.

Notes
Turn   | Place    | Note
-------+----------+-------------------------------------------
     0 | D:1      | nicolaieve the Minotaur Berserker began the quest for the Orb.
     0 | D:1      | Reached XP level 1. HP: 19/19 MP: 0/0
    35 | D:1      | Reached skill level 4 in Maces & Flails
   187 | D:1      | Reached XP level 2. HP: 26/26 MP: 1/1
   622 | D:1      | Reached skill level 5 in Maces & Flails
   773 | D:2      | Noticed Terence
   781 | D:2      | Killed Terence
   781 | D:2      | Reached XP level 3. HP: 29/31 MP: 2/2
   945 | D:2      | Reached ** piety under Trog
   970 | D:2      | Reached XP level 4. HP: 34/39 MP: 3/3
   973 | D:2      | Reached skill level 6 in Maces & Flails
  1019 | D:2      | Found a blossoming altar of Fedhas.
  1365 | D:3      | Noticed a big kobold
  1373 | D:3      | Killed a big kobold
  1373 | D:3      | Reached skill level 7 in Maces & Flails
  1373 | D:3      | Reached XP level 5. HP: 39/45 MP: 4/4
  1404 | D:3      | Noticed Grinder
  1404 | D:3      | Noticed Jessica
  1416 | D:3      | Killed Grinder
  1416 | D:3      | Reached skill level 8 in Maces & Flails
  1416 | D:3      | Reached XP level 6. HP: 43/51 MP: 5/5
  1417 | D:3      | Killed Jessica
  1528 | D:3      | Found a runed door.
  1568 | D:3      | Reached skill level 9 in Maces & Flails
  1941 | D:3      | Noticed Crazy Yiuf
  1945 | D:3      | Killed Crazy Yiuf
  2334 | D:4      | Reached XP level 7. HP: 45/57 MP: 6/6
  2411 | D:4      | Found a staircase to the Ecumenical Temple.
  2417 | D:4      | Found Tet Woimn's Jewellery Emporium.
  2532 | D:4      | Reached skill level 10 in Maces & Flails
  2848 | D:5      | Entered Level 5 of the Dungeon
  2887 | D:5      | Found a white marble altar of Elyvilon.
  2953 | D:5      | Noticed Edmund
  2983 | D:5      | Killed Edmund
  2983 | D:5      | Reached skill level 11 in Maces & Flails
  3112 | D:5      | Reached *** piety under Trog
  3145 | D:5      | Reached XP level 8. HP: 61/64 MP: 7/7
  3308 | D:5      | Noticed Ijyb
  3329 | D:5      | Killed Ijyb
  3329 | D:5      | Reached skill level 12 in Maces & Flails
  3646 | D:6      | Reached skill level 1 in Evocations
  3702 | D:6      | Found a glowing silver altar of Zin.
  3718 | D:6      | Found an opulent altar of Gozag.
  3722 | D:6      | Found a hazy altar of Hepliaklqana.
  3726 | D:6      | Found an ornate altar of the Wu Jian Council.
  3728 | D:6      | Found a sacrificial altar of Ru.
  3744 | D:6      | Found a sparkling altar of Nemelex Xobeh.
  3814 | D:6      | Noticed Blork the orc
  3825 | D:6      | Killed Blork the orc
  4213 | D:7      | Reached **** piety under Trog
  4304 | D:7      | Received a gift from Trog
  4304 | D:7      | Reached skill level 5 in Fighting
  4390 | D:7      | Reached skill level 5 in Armour
  4390 | D:7      | Reached XP level 9. HP: 58/75 MP: 9/9
  4586 | D:7      | Found a stormy altar of Qazlal.
  4682 | D:7      | Found an iron altar of Okawaru.
  5153 | D:8      | Found a shadowy altar of Dithmenos.
  5427 | D:9      | Found an ancient bone altar of Kikubaaqudgha.
  5889 | D:9      | Noticed a troll
  5894 | D:9      | Killed a troll
  6057 | D:9      | Found a basalt altar of Yredelemnul.
  6057 | D:9      | Found a glowing golden altar of the Shining One.
  6099 | D:9      | Noticed an angel
  6108 | D:9      | Noticed a profane servitor
  6284 | D:10     | Entered Level 10 of the Dungeon
  6307 | D:10     | Reached XP level 10. HP: 90/90 MP: 10/10
  6339 | D:10     | Noticed a two-headed ogre
  6352 | D:10     | Killed a two-headed ogre
  6392 | D:10     | Reached ***** piety under Trog
  6538 | D:10     | Killed an unseen horror
  6538 | D:10     | Reached skill level 10 in Armour
  6573 | D:10     | Found a portal to a secret trove of treasure.
  6901 | D:10     | Killed an unseen horror
  6935 | D:10     | Reached skill level 10 in Fighting
  6994 | D:10     | Noticed Snorg
  7013 | D:10     | Slain by Snorg

Skill      XL: |  1  2  3  4  5  6  7  8  9 10 |
---------------+-------------------------------+-----
Maces & Flails | 4 5 7 8 9 11 12 | 12.0
Evocations     | 2 |  2.5
Fighting       | 5 8 10 | 10.0
Armour         | 5 8 11 | 11.0
Dodging        | 3 4 |  4.2

Action                   |  1- 3 |  4- 6 |  7- 9 | 10-12 || total
-------------------------+-------+-------+-------+-------++-------
Melee: Mace              |    53 |    26 |       |       ||    79
       Headbutt          |     6 |    14 |   116 |    29 ||   165
       Whip              |       |    69 |   546 |   107 ||   722
Invok: Berserk           |     1 |     2 |     7 |     4 ||    14
       Trog's Hand       |       |     1 |     1 |     1 ||     3
  Use: Scroll            |       |       |    18 |       ||    18
       Potion            |       |       |       |     1 ||     1
 Stab: Sleeping          |     1 |       |       |       ||     1
  Eat: Chunk             |     1 |     5 |    15 |     5 ||    26
       Ration            |       |     1 |     1 |       ||     2
Armor: Animal skin       |     4 |       |       |       ||     4
       Leather armour    |     3 |    14 |       |       ||    17
       Scale mail        |       |       |    50 |       ||    50
       Plate armour      |       |       |   138 |   143 ||   281
Dodge: Dodged            |    41 |    51 |   130 |    29 ||   251
